 Dungeon Crawl Stone Soup version 0.26.1-11-gd32895ea62 (webtiles) character file.

Game seed: 4082373693433717058

904 nomophobia the Cutter (level 8, -11/39 HPs)
             Began as a Kobold Hunter on May 18, 2021.
             Was a Priest of Hepliaklqana.
             Killed by divine providence
             ... invoked by an orc priest
              (17 damage)
             ... on level 5 of the Dungeon.
             The game lasted 01:10:40 (5396 turns).

nomophobia the Cutter (Kobold Hunter)               Turns: 5396, Time: 01:10:46

Health: -11/39     AC:  5    Str:  9    XL:     8   Next: 29%
Magic:  8/8        EV: 18    Int: 13    God:    Hepliaklqana [***...]
Gold:   247        SH:  0    Dex: 17    Spells: 7/7 levels left

rFire    . . .     SeeInvis .   b - +2 short sword (protect)
rCold    . . .     Faith    .   (shield restricted)
rNeg     . . .     Spirit   .   c - +1 leather armour
rPois    .         Reflect  .   (no helmet)
rElec    .         Harm     .   (no cloak)
rCorr    .         Rampage  .   (no gloves)
Will     .....                  e - +0 pair of boots
Stlth    ++++......             (no amulet)
HPRegen  0.13/turn              (no ring)
MPRegen  0.11/turn              (no ring)

@: no status effects
A: small, reduced essence, nightstalker 3
a: Renounce Religion, Recall Ancestor, Ancestor Identity, Transference


You were on level 5 of the Dungeon.
You worshipped Hepliaklqana.
Hepliaklqana was most pleased with you.
You visited 2 branches of the dungeon, and saw 6 of its levels.

You collected 247 gold pieces.

Inventory:

Hand Weapons
 a - a +1 hand crossbow
 b - a +2 short sword of protection (weapon)
 h - a +2 dagger of protection
Missiles
 d - 21 bolts
Armour
 c - a +1 leather armour (worn)
 e - a +0 pair of boots (worn)
Jewellery
 f - an uncursed amulet of faith
Wands
 s - a wand of acid (5)
 t - a wand of disintegration (9)
Scrolls
 k - 3 scrolls of fear
 l - 3 scrolls of remove curse
 m - a scroll of amnesia
 n - 3 scrolls of identify
 q - 2 scrolls of teleportation
Potions
 g - 2 potions of curing
 i - a potion of lignification {unknown}
 j - a potion of cancellation {unknown}
 o - a potion of berserk rage {unknown}
 p - a potion of degeneration {unknown}
 r - a potion of magic {unknown}


   Skills:
 - Level 2.1 Fighting
 * Level 7.5 Short Blades
 - Level 4.8 Crossbows
 - Level 0.1 Armour
 + Level 5.8 Dodging
 + Level 7.1 Stealth


You had 7 spell levels left.
You didn't know any spells.
Your spell library was empty.

Dungeon Overview and Level Annotations

Branches:
Dungeon (5/15)             Temple (1/1) D:4

Altars:
Ashenzari
Elyvilon
Gozag
Hepliaklqana
Kikubaaqudgha
Nemelex Xobeh
Okawaru
Qazlal
Ru
Uskayaw
Vehumet
Wu Jian
Xom
Yredelemnul


Innate Abilities, Weirdness & Mutations

You are small and have problems with some larger weapons.
You are completely attuned to the shadows.
Your life essence is reduced to manifest your ancestor. (-10% HP)


Message History

Fire: 22 bolts
Press: ? - help, Q - select action, (/) - cycle Shift-Dir - straight line, f/p - orc priest
Aim: an orc priest, wielding a +0 mace (almost dead, 67% to hit)
You shoot a bolt. The bolt closely misses the orc priest.
Fire: 21 bolts
Press: ? - help, Q - select action, (/) - cycle Shift-Dir - straight line, f - orc priest
Aim: an orc priest, wielding a +0 club and wearing a +0 scale mail (70% to hit)
The orc priest hits something with a +0 club.
The orc priest closely misses you.
Belessunu barely misses the orc priest.
Your +2 short sword of protection hums with potential!
b - a +2 short sword of protection (weapon)
You barely miss the orc priest.
The orc priest is almost dead.
The orc priest invokes the aid of Beogh against you.
Beogh smites you!
* * * LOW HITPOINT WARNING * * *
The orc priest calls down the wrath of Beogh upon you.
Beogh smites you!
You die...

##.#.##.#######.##
# #.##.# #.#
#.##.#######.#
#.##.........#
#.############ #.#
#### #.# >...
#.##.##..##
.....@o.(..
#.#...#R.##
.#...))((#
##...#o.(.
##.###... #. ## .#


You could see the friendly Belessunu the hexer and 2 orc priests.

Vanquished Creatures
  Menkaure (D:5)
  A sky beast (D:5)
  A howler monkey (D:5)
  An orc priest (D:3)
  A hound (D:4)
  A jelly (D:5)
  An orc wizard (D:5)
  4 adders
  A white imp (D:5)
  An ufetubus (D:5)
  An adder zombie (D:5)
  2 oozes
  2 worms (D:3)
  4 dart slugs
  4 leopard geckos
  13 orcs
  2 ball pythons (D:3)
  5 bats
  2 giant cockroaches
  6 hobgoblins
  12 jackals
  7 quokkas
  8 frilled lizards
  8 goblins
  5 kobolds
  A quokka zombie (D:5)
  10 rats
105 creatures vanquished.

Vanquished Creatures (collateral kills)
  Sigmund (D:5)
  A scorpion (D:5)
  An orc priest (D:5)
  A centaur skeleton (D:5)
  An iguana (D:4)
  An orc wizard (D:5)
  A worker ant (D:4)
  A worm (D:3)
  8 orcs
  A hobgoblin (D:3)
17 creatures vanquished.

Vanquished Creatures (others)
  A fungus (D:1)
1 creature vanquished.

Grand Total: 123 creatures vanquished

Notes
Turn   | Place    | Note
-------+----------+-------------------------------------------
     0 | D:1      | nomophobia the Kobold Hunter began the quest for the Orb.
     0 | D:1      | Reached XP level 1. HP: 12/12 MP: 1/1
   360 | D:1      | Reached skill level 1 in Short Blades
   360 | D:1      | Reached XP level 2. HP: 17/17 MP: 2/2
   699 | D:1      | Reached XP level 3. HP: 17/21 MP: 3/3
  1362 | D:2      | Reached XP level 4. HP: 26/26 MP: 4/4
  1945 | D:2      | Reached XP level 5. HP: 24/30 MP: 5/5
  2075 | D:2      | Found a faded altar of an unknown god.
  2085 | D:2      | Became a worshipper of Hepliaklqana the Forgotten
  2085 | D:2      | Reached * piety under Hepliaklqana
  2982 | D:3      | Reached XP level 6. HP: 31/31 MP: 6/6
  3197 | D:3      | Reached skill level 5 in Stealth
  3284 | D:3      | Reached ** piety under Hepliaklqana
  3333 | D:4      | Remembered your ancestor Belessunu as a hexer
  3343 | D:4      | Found a stormy altar of Qazlal.
  3545 | D:4      | Found a staircase to the Ecumenical Temple.
  3588 | Temple   | Entered the Ecumenical Temple
  3977 | D:5      | Entered Level 5 of the Dungeon
  4149 | D:5      | Noticed a sky beast
  4169 | D:5      | Killed a sky beast
  4170 | D:5      | Reached skill level 5 in Short Blades
  4170 | D:5      | Reached XP level 7. HP: 28/36 MP: 7/7
  4375 | D:5      | Reached skill level 5 in Dodging
  4381 | D:5      | Noticed Sigmund
  4513 | D:5      | Killed Sigmund
  4514 | D:5      | Reached XP level 8. HP: 17/39 MP: 8/8
  4902 | D:5      | Found a sparkling altar of Nemelex Xobeh.
  5039 | D:5      | Reached *** piety under Hepliaklqana
  5062 | D:5      | Noticed Menkaure
  5076 | D:5      | Killed Menkaure
  5396 | D:5      | Killed from afar by an orc priest

Illustrated notes

Levels and vault maps discovered:
D:1:      lemuel_arrival_muddy, layout_basic, minivault_23, dk_noncrumbling_4
D:2:      layout_basic, chequers_ecumenical_altar_twisty
D:3:      layout_loops_ring
D:4:      layout_cave_pools, minmay_temple_entry_mini_moons, grunt_qazlal_clouds
D:5:      layout_loops_corners, nemelex_xobeh_ov_fountains_minmay,
          uniq_menkaure, uniq_sigmund
Temple:   cyrus_circular_temple

Skill      XL: |  1  2  3  4  5  6  7  8 |
---------------+-------------------------+-----
Short Blades   | 1 2 3 5 6 7 |  7.5
Stealth        | 2 3 4 5 6 7 |  7.1
Dodging        | 3 4 5 |  5.8
Fighting       | |  2.1
Crossbows      | |  4.8
Armour         | |  0.1

Action                   |  1- 3 |  4- 6 |  7- 9 || total
-------------------------+-------+-------+-------++-------
Melee: Short sword       |    61 |   129 |    41 ||   231
 Fire: Hand crossbow     |    52 |   100 |    46 ||   198
Invok: Ancestor Identity |       |     1 |       ||     1
       Ancestor Life: He |       |     1 |       ||     1
  Use: Scroll            |     2 |    11 |       ||    13
       Potion            |       |     1 |     1 ||     2
 Stab: Sleeping          |     2 |       |       ||     2
       Confused          |       |       |     1 ||     1
Armor: Leather armour    |    20 |    32 |    18 ||    70
Dodge: Dodged            |    49 |   106 |    28 ||   183
